Build Orders - Match 32760768 - cohdb - Company of Heroes 3 Replays
cohdb
Replays
Latest Replays
All Replays
Popular Replays
Top Player Replays
Match Explorer
How It Works
Community
CoH3 Stats
Reddit
Sign in to upload your games and track your stats! →
Sign in with Steam
Match 32760768
Unlisted
Match 32760768
Overview
Messages
Build Orders
End
Construct Infanterie Kompanie
Selects Luftwaffe Battlegroup
Grenadier Squad
MG 42 Machine Gun Team
MG 42 Machine Gun Team
Grenadier Squad
GrW 34 Mortar Team
Infanterie Officer Quarters
Selects Luftwaffe Pioneer Support
Selects LG40 Recoilless Gun Paradrop
LG40 Recoilless Gun Paradrop
Grenadier Squad
MG 42 Machine Gun Team
Construct Panzergrenadier Kompanie
Construct Panzer Kompanie
Construct Panzer Kompanie
Selects Infantry Reserves
Sturmpanzer IV Brummbär
Selects Stuka Strafing Run
Selects Fallschirmjäger Squad Paradrop
Pioneer Squad
Stuka Strafing Run
Stuka Strafing Run
Selects Stuka Loiter
Stuka Loiter
Phan
kamacura
SeaNettle
JVevermore
rooster
MalloyGaming
0
0
Comments
sign in to comment!
No comments posted yet!